 Dungeon Crawl Stone Soup version 0.25.1-4-g9407a263a5 (webtiles) character file.

Game seed: 8412854355454879569

88 Gabide the Poker (level 4, -3/35 HPs)
             Began as a Human Monk on Nov 28, 2020.
             Slain by a gnoll
             ... wielding a +0 spear
              (7 damage)
             ... on level 2 of the Dungeon.
             The game lasted 00:03:00 (1483 turns).

Gabide the Poker (Human Monk)                       Turns: 1483, Time: 00:03:00

Health: -3/35      AC:  6    Str: 12    XL:     4   Next: 81%
Magic:  4/4        EV:  9    Int: 10    God:
Gold:   34         SH:  8    Dex: 16    Spells: 3/3 levels left

rFire    . . .     SeeInvis .   a - +0 spear
rCold    . . .     Gourm    .   h - +0 kite shield
rNeg     . . .     Faith    .   k - +0 ring mail
rPois    .         Spirit   .   (no helmet)
rElec    .         Reflect  .   e - scarf {repulsion}
rCorr    .         Harm     .   d - +0 pair of gloves
MR       .....                  (no boots)
Stlth    +.........             (no amulet)
HPRegen  0.11/turn              (no ring)
MPRegen  0.09/turn              (no ring)

@: repel missiles
A: no striking features
a: no special abilities


You were on level 2 of the Dungeon.
You were not hungry.

You visited 1 branch of the dungeon, and saw 2 of its levels.

You collected 34 gold pieces.

Inventory:

Hand Weapons
 a - a +0 spear (weapon)
Missiles
 i - 15 stones (quivered)
Armour
 b - a +0 robe
 d - a +0 pair of gloves (worn)
 e - a scarf of repulsion (worn)
 h - a +0 kite shield (worn)
 k - a +0 ring mail (worn)
Potions
 g - a potion of lignification
 l - a potion of curing {unknown}
Comestibles
 c - 3 rations
 m - 3 chunks of flesh


   Skills:
 + Level 3.3 Fighting
 + Level 3.7 Polearms
 * Level 1.1 Armour
 + Level 3.5 Dodging
 - Level 2.0 Stealth
 * Level 1.6 Shields


You had 3 spell levels left.
You didn't know any spells.
Your spell library was empty.

Dungeon Overview and Level Annotations

Branches:
Dungeon (2/15)

Altars:
Okawaru


Message History

Quivering
f - a throwing net for throwing.
Throwing (i - inventory. (/) - cycle)
f - a throwing net (quivered)
Press: ? - help, Shift-Dir - straight line, f - gnoll
Aim: a gnoll, wielding a +0 flail You throw a throwing net.
The throwing net hits the gnoll.
The gnoll is caught in the net!
The gnoll struggles against the net.
You block the gnoll's attack.
You hit the gnoll but do no damage.
The gnoll struggles against the net.
The gnoll hits you from afar with a +0 spear.
* * * LOW HITPOINT WARNING * * *
You hit the gnoll but do no damage.
The gnoll struggles against the net.
The gnoll barely misses you.
You catch the helpless gnoll completely off-guard!
You hit the gnoll but do no damage.
The gnoll struggles against the net.
The net rips apart, and the gnoll comes free!
The gnoll hits you from afar with a +0 spear.
* * * LOW HITPOINT WARNING * * *
You closely miss the gnoll.
The gnoll hits you from afar with a +0 spear!
You die...

..# *****###########.#.#.#...
#.# *,<,........###.#.#.#...
#.# *,**............#.#.#.##
#.# *,**.######.#####.#.#.#
..# *,**<...........#,#.#.#
#.# *,*########...#.#,#.*.#*
..# *,*...........#,*,*,*,,,
#.# *,*.#######.#.#,*,*,****
..# ****,*,*
#@g.....#,*,,,,,,, ###
*,,,,,>* #.#........#*,,***
*,,,,,,* #g###.#.#..#*,,**,
*,,,,,,**#.# #.#.#..#*,,**,
*,,,,,,,,..#*#...#,.#,,,,,,
*,,,,,,**...,.....,,*,,,**,
****,,,,,,*....*#####,,*,,,,,,
*,,,,,,,,,*....,,*,,*,<*,,,,,,
*,**,,,,,,#....#**,,*,,*,,,*,*


You could see 2 gnolls.

Vanquished Creatures
  2 gnolls (D:2)
  3 adders (D:2)
  An ooze (D:1)
  A worm (D:2)
  A dart slug (D:1)
  6 goblins
  3 hobgoblins (D:1)
  4 jackals (D:2)
  6 kobolds
  A quokka (D:2)
  2 bats
  4 rats
34 creatures vanquished.

Notes
Turn   | Place    | Note
-------+----------+-------------------------------------------
     0 | D:1      | Gabide the Human Monk began the quest for the Orb.
     0 | D:1      | Reached XP level 1. HP: 18/18 MP: 1/1
   286 | D:1      | Reached XP level 2. HP: 24/24 MP: 2/2
   487 | D:1      | Reached XP level 3. HP: 17/29 MP: 3/3
   821 | D:2      | Found an iron altar of Okawaru.
  1100 | D:2      | Reached skill level 1 in Shields
  1100 | D:2      | Reached XP level 4. HP: 32/35 MP: 4/4
  1465 | D:2      | Reached skill level 1 in Armour
  1483 | D:2      | Slain by a gnoll

Illustrated notes

Levels and vault maps discovered:
D:1:      lightli_arrival_chessboard, layout_basic
D:2:      layout_basic, zin_treasury, okawaru_trees_1, first_ration,
          roderic_roman_lattice

Skill      XL: |  1  2  3  4 |
---------------+-------------+-----
Shields        | 1 |  1.6
Armour         | 1 |  1.1
Fighting       | |  3.3
Polearms       | |  3.7
Dodging        | |  3.5
Stealth        | |  2.0

Action                   |  1- 3 |  4- 6 || total
-------------------------+-------+-------++-------
Melee: Spear             |   117 |    58 ||   175
Throw: Stone             |     6 |       ||     6
       Throwing net      |       |     1 ||     1
  Use: Scroll            |     2 |     2 ||     4
 Stab: Sleeping          |     4 |       ||     4
       Held in net/web   |       |     1 ||     1
  Eat: Chunk             |     1 |     1 ||     2
Armor: Robe              |     6 |       ||     6
       Ring mail         |    32 |     5 ||    37
Dodge: Dodged            |    42 |    13 ||    55
Block: Kite shield       |    42 |    21 ||    63
